 Dungeon Crawl Stone Soup version 0.30-a0-377-g5cb311bc9f (webtiles) character file.

Game seed: 10996365618049280562

317 qeuew the Trooper (level 6, 0/48 HPs)
             Began as a Demonspawn Monk on Nov 27, 2022.
             Slain by Ijyb
             ... wielding a +0 club
              (3 damage)
             ... on level 4 of the Dungeon.
             The game lasted 00:09:18 (2843 turns).

qeuew the Trooper (Demonspawn Monk)                 Turns: 2843, Time: 00:09:19

Health: 0/48       AC:  4    Str: 13    XL:     6   Next: 20%
Magic:  6/6        EV:  9    Int: 13    God:
Gold:   214        SH:  0    Dex: 22    Spells: 5/5 levels left

rFire   . . .      SeeInvis +    g - +0 trident
rCold   . . .      Faith    .    e - +0 kite shield
rNeg    . . .      Spirit   .    d - +0 scale mail
rPois   .          Reflect  .    (no helmet)
rElec   .          Harm     .    (no cloak)
rCorr   .          Rampage  .    b - +0 pair of gloves
Will    .....                    (no boots)
Stlth   ..........               (no amulet)
HPRegen 0.28/turn                h - +6 ring of dexterity
MPRegen 0.10/turn                (no ring)

@: confused
A: powered by pain 1, big brain 1, demonic magic 1, hooves 1, see invisible,
deformed body
a: no special abilities


You were on level 4 of the Dungeon.
You visited 1 branch of the dungeon, and saw 4 of its levels.

You collected 214 gold pieces.

Inventory:

Hand Weapons
 g - a +0 trident (weapon)
Armour
 b - a +0 pair of gloves (worn)
 d - a +0 scale mail (worn)
 e - a +0 kite shield (worn)
Jewellery
 h - a +6 ring of dexterity (left hand)
Scrolls
 f - 2 scrolls of magic mapping
 i - 2 scrolls of fear
Potions
 k - a potion of brilliance


   Skills:
 + Level 4.1 Fighting
 + Level 3.7 Polearms
 + Level 2.3 Armour
 + Level 3.7 Dodging
 - Level 1.7 Stealth
 + Level 2.1 Shields


You had 5 spell levels left.
You didn't know any spells.
Your spell library contained the following spells:

 Spells                   Type           Power      Damage    Failure   Level
 Kiss of Death            Conj/Necr      0%         2d5       99%         1
 Confusing Touch          Hex            0%         N/A       100%        3
 Gell's Gravitas          Tloc           0%         N/A       100%        3
 Inner Flame              Hex/Fire       0%         N/A       100%        3
 Lesser Beckoning         Tloc           0%         N/A       100%        3
 Teleport Other           Tloc           0%         N/A       100%        3
 Cause Fear               Hex            0%         N/A       100%        4
 Dispel Undead            Necr           0%         3d6       100%        4
 Discord                  Hex            0%         N/A       100%        8


Dungeon Overview and Level Annotations

Branches:
Dungeon (4/15)
 Temple: D:4-7

Altars:

Annotations:
D:3 1 runed translucent door, Boogey's ghost, amateur TrFi
D:4 Ijyb; Natasha


Innate Abilities, Weirdness & Mutations

You sometimes gain a little power by taking damage.
You have an unusually large brain. (Int +2)
Spells you cast may paralyse adjacent enemies.
You have large cloven feet.
You have supernaturally acute eyesight. (SInv)
Armour fits poorly on your strangely shaped body.


Message History

The adder bites you.
Unknown command.
You're too confused to move!
You feel less invigorated.
You feel sick. Ijyb hits you but does no damage. The adder barely misses you.
Unknown command.
You miss the adder. Your kick misses the adder.
You feel sick. The adder bites you but does no damage.
Ijyb hits you but does no damage. The adder bites you.
Ijyb hits you with a +0 club.
Unknown command.
You hit Ijyb.
Ijyb is moderately wounded.
You feel sick. The adder bites you.
* * * LOW HITPOINT WARNING * * *
Ijyb hits you with a +0 club.
* * * LOW HITPOINT WARNING * * *
The adder bites you but does no damage.
You feel sick.
Unknown command.
You're too confused to move!
You feel sick. The adder bites you but does no damage.
Ijyb hits you with a +0 club.
* * * LOW HITPOINT WARNING * * *
Unknown command.
You are too confused!
Unknown command.
You feel sick.
You are no longer poisoned.
Ijyb barely misses you.
Natasha, Servant of Life and Death comes into view.
The adder barely misses you.
Unknown command.
Ijyb hits you with a +0 club.
* * * LOW HITPOINT WARNING * * *
The adder bites you but does no damage.
Unknown command.
The adder barely misses you.
Unknown command.
The adder attacks as you move away! The adder bites you but does no damage.
Unknown command.
Ijyb attacks as you move away! Ijyb hits you with a +0 club.
You die...

...........#...##...##
....#......#..........
..([########....h.... .
#.).#.............# ...
....#..........)..# ....
#.................##....#
#.............#.......#
#.............#.Sg..####
..............#.@.......
..................$......
##.......................
##...##.#####............
.##.....# #.......)....
.##.##### #######......
.##)# ..... .##.# .....
....#


You could see Ijyb, Natasha and an adder.

Vanquished Creatures
  A scorpion (D:4)
  A howler monkey (D:2)
  An orc priest (D:4)
  An iguana (D:4)
  Natasha (D:4)
  7 adders
  A worm (D:3)
  A dart slug (D:2)
  8 orcs
  6 bats
  7 endoplasms
  2 giant cockroaches
  3 goblins
  5 hobgoblins
  7 kobolds
  A quokka (D:2)
  4 ball pythons
  5 frilled lizards
  7 rats
69 creatures vanquished.

Notes
Turn   | Place    | Note
-------+----------+-------------------------------------------
     0 | D:1      | qeuew the Demonspawn Monk began the quest for the Orb.
     0 | D:1      | Reached XP level 1. HP: 18/18 MP: 1/1
   652 | D:2      | Noticed a howler monkey
   666 | D:2      | Killed a howler monkey
   667 | D:2      | Reached skill level 1 in Armour
   667 | D:2      | Gained mutation: You have an unusually large brain. (Int
                  | +2) [demonic ancestry]
   667 | D:2      | Reached XP level 2. HP: 10/24 MP: 2/2
   667 | D:2      | Gained mutation: Spells you cast may paralyse adjacent
                  | enemies. [demonic ancestry]
   667 | D:2      | Reached XP level 3. HP: 12/29 MP: 3/3
   683 | D:2      | Reached skill level 1 in Shields
   788 | D:2      | Reached XP level 4. HP: 35/35 MP: 4/4
   946 | D:2      | Found a faded altar of an unknown god.
  1268 | D:2      | Gained mutation: You have large cloven feet. [potion of
                  | mutation]
  1268 | D:2      | Gained mutation: You have hoof-like feet. [potion of
                  | mutation]
  1268 | D:2      | Gained mutation: You occasionally shout uncontrollably at
                  | your foes. [potion of mutation]
  1269 | D:2      | Lost mutation: You have hoof-like feet. [potion of
                  | mutation]
  1269 | D:2      | Lost mutation: You occasionally shout uncontrollably at
                  | your foes. [potion of mutation]
  1269 | D:2      | Gained mutation: Armour fits poorly on your strangely
                  | shaped body. [potion of mutation]
  1269 | D:2      | Gained mutation: You have supernaturally acute eyesight.
                  | (SInv) [potion of mutation]
  1616 | D:3      | Reached XP level 5. HP: 41/42 MP: 5/5
  1955 | D:3      | Found a runed translucent door.
  2019 | D:3      | Noticed Boogey's ghost (amateur TrFi)
  2370 | D:4      | Reached skill level 4 in Fighting
  2476 | D:4      | Noticed an ogre
  2483 | D:4      | Gained mutation: You sometimes gain a little power by
                  | taking damage. [demonic ancestry]
  2483 | D:4      | Reached XP level 6. HP: 7/48 MP: 6/6
  2797 | D:4      | Noticed Natasha
  2807 | D:4      | Killed Natasha
  2819 | D:4      | Noticed Ijyb
  2839 | D:4      | Noticed Natasha
  2840 | D:4      | HP: 2/48 [Ijyb/+0 club (5)]
  2843 | D:4      | Slain by Ijyb

Illustrated notes

Levels and vault maps discovered:
D:1:      noname_arrival_rooms_in_the_neighbourhood, layout_basic
D:2:      layout_basic, shapermc_ecumenical_altar_pompeii, basic_altar
D:3:      layout_basic, ebering_ghost_reflecting_pool, feat_on_display
D:4:      layout_basic, minmay_misc_feat_x, uniq_ijyb, uniq_natasha

Skill      XL: |  1  2  3  4  5 |
---------------+----------------+-----
Polearms       | 3 |  3.7
Armour         | 1 2 |  2.3
Dodging        | 3 |  3.7
Shields        | 1 2 |  2.1
Fighting       | 4 |  4.1
Stealth        | |  1.7

Action                   |  1- 3 |  4- 6 || total
-------------------------+-------+-------++-------
Melee: Spear             |    62 |   207 ||   269
       Kick              |       |    48 ||    48
       Trident           |       |    26 ||    26
  Use: Scroll            |     1 |     6 ||     7
       Potion            |     1 |     8 ||     9
 Stab: Sleeping          |       |     1 ||     1
Armor: Scale mail        |    22 |    58 ||    80
Dodge: Dodged            |    21 |    88 ||   109
Block: Kite shield       |    10 |   108 ||   118

Table legend: (Time is in decaauts)
 A = Elapsed time spent in this place.
 B = Non-inter-level travel time spent in this place.
 C = Inter-level travel time spent in this place.
 D = Time resting spent in this place.
 E = Time spent auto-exploring this place.
 F = Levels seen in this place.
 G = Mean time per level.
                   A        B        C        D        E       F      G
               +--------+--------+--------+--------+--------+-----+--------+
         Total |   2896 |   2723 |    173 |    179 |   1930 |   4 |  724.0 |
       Dungeon |   2896 |   2723 |    173 |    179 |   1930 |   4 |  724.0 |
               +--------+--------+--------+--------+--------+-----+--------+

Top non-repeatable levels by time:
     D:3: 1006 daAuts
     D:2: 725 daAuts
     D:1: 646 daAuts
     D:4: 519 daAuts
